[Event "Team 45 45 League T52"]
[Site "Internet Chess Club"]
[Date "2012.02.20"]
[Round "1"]
[White "Dreamshell"]
[Black "zozobob"]
[Result "1/2-1/2"]
[WhiteElo "2100"]
[BlackElo "2009"]
[Opening "Nimzo-Indian: three knights variation"]
[ECO "E21"]
[Time "14:00:17"]
[TimeControl "2700+45"]

1. Nf3 Nf6 2. c4 e6 3. Nc3 Bb4 4. d4 c5 5. a3 Bxc3+ 6. bxc3 O-O 7. Rb1 Nc6 8. e3
b6 9. Bd3 Ba6 10. O-O Na5 11. Qe2 cxd4 12. cxd4 Rc8 13. Rb4 Qc7 14. Nd2 d5 15.
cxd5 Bxd3 16. Qxd3 Nxd5 17. Rb2 Qc3 18. Qa6 Qxa3 19. Rc2 Nb4 20. Qxc8 Nxc2 21.
Qxc2 Qb4 22. Bb2 h6 23. Ra1 Qb5 24. Rb1 Rd8 25. h3 Nb7 26. Ba3 Qd7 27. Rc1 b5
28. Ne4 a5 29. Bc5 Rc8 30. Qd1 b4 31. Qb3 Qb5 32. Rc4 Qc6 33. Nd2 Qb5 34. Be7
Rxc4 35. Qxc4 Qd7 36. Bc5 Nxc5 37. Qxc5 Qa4 38. Qc8+ Kh7 39. Qc1 Qb5 40. Qf1 Qa4
41. Qd3+ g6 42. Qb3 Qb5 43. Qc4 Qb8 44. Qb3 Qb5 45. Qc4 Qb8 46. d5 exd5 47. Qxd5
Qc7 48. Qc4 Qa7 49. Ne4 Kg7 50. Qd4+ Qxd4 51. exd4 f5 52. Nc5 Kf6 53. Kf1 Ke7
54. Ke2 Kd6 55. Ke3 Kc6 56. Kd3 Kb5 57. g3 a4 58. h4 g5 59. hxg5 hxg5 60. Ne6 f4
61. Nxg5 a3 62. Kc2 Kc4 63. d5 b3+ 64. Kb1 fxg3 65. fxg3 Kxd5 66. Nf3 {Game
drawn by mutual agreement} 1/2-1/2

[Event "Team 45 45 League T52"]
[Site "Internet Chess Club"]
[Date "2012.02.22"]
[Round "1"]
[White "robertoalvarez"]
[Black "jefferyx"]
[Result "0-1"]
[WhiteElo "2052"]
[BlackElo "2115"]
[Opening "Nimzo-Indian: 4.e3, Bronstein (Byrne) variation"]
[ECO "E45"]
[Time "19:02:05"]
[TimeControl "2700+45"]

1. d4 Nf6 2. c4 e6 3. Nc3 Bb4 4. e3 b6 5. Ne2 Ba6 6. Ng3 h5 7. h4 Bb7 8. Bd2 c5
9. d5 exd5 10. cxd5 Bxd5 11. Nxd5 Nxd5 12. Bc4 Bxd2+ 13. Qxd2 Nf6 14. Qd6 Qe7
15. Nf5 Qxd6 16. Nxd6+ Ke7 17. Rd1 Nc6 18. Bxf7 Ne5 19. Bb3 g6 20. Ke2 Rhf8 21.
f4 Neg4 22. g3 Ne8 23. Nxe8 Raxe8 24. e4 Kd8 25. e5 Kc7 26. Rd2 d6 27. e6 b5 28.
Bd5 Nf6 29. Kf3 Nxd5 30. Rxd5 Rxe6 31. Rhd1 Rfe8 32. R1d2 Kc6 33. b3 Re3+ 34.
Kf2 Re2+ 35. Kf1 Re1+ 36. Kf2 R8e2+ 37. Kf3 Re3+ 38. Kf2 R1e2+ 39. Rxe2 Rxe2+
40. Kxe2 Kxd5 41. Kd3 c4+ 42. bxc4+ bxc4+ 43. Kc3 Kc5 44. Kd2 Kd4 45. g4 hxg4
46. f5 gxf5 47. h5 Ke5 {White resigns} 0-1

[Event "Team 45 45 League T52"]
[Site "Internet Chess Club"]
[Date "2012.02.20"]
[Round "1"]
[White "qs16"]
[Black "quotha"]
[Result "1-0"]
[WhiteElo "1729"]
[BlackElo "1677"]
[Opening "Queen's pawn: stonewall attack"]
[ECO "D00"]
[Time "14:32:34"]
[TimeControl "2700+45"]

1. d4 d5 2. e3 Nf6 3. Bd3 Bg4 4. Nf3 Nbd7 5. Nbd2 e5 6. dxe5 Nxe5 7. Be2 Bxf3 8.
Nxf3 Bd6 9. O-O O-O 10. Rb1 Re8 11. b3 Qe7 12. Bb2 Rad8 13. h3 c6 14. Nxe5 Bxe5
15. Bxe5 Qxe5 16. Bd3 Re6 17. Qf3 g6 18. Rbd1 Rde8 19. c4 a6 20. cxd5 Nxd5 21.
Bc4 Rf6 22. Qg4 h5 23. Qd7 Re7 24. Qd8+ Re8 25. Qd7 Re7 26. Qc8+ Kg7 27. Bxd5
cxd5 28. Qc5 Rd7 29. Rd2 Rc6 30. Qa5 b5 31. Rfd1 g5 32. Qb4 f5 33. a4 bxa4 34.
Qxa4 Rcd6 35. Rd4 Rb7 36. b4 Rb5 37. Rc1 f4 38. Rc7+ Kg6 39. Qc2+ Kf6 40. Qh7
Qe6 41. Qg7+ Kf5 42. Rf7+ Qf6 43. Rxf6+ Rxf6 44. exf4 gxf4 45. Qc7 Kg5 46. h4+
{Black resigns} 1-0

[Event "Team 45 45 League T52"]
[Site "Internet Chess Club"]
[Date "2012.02.19"]
[Round "1"]
[White "Hapa-Haole"]
[Black "SugarIslander"]
[Result "0-1"]
[WhiteElo "1658"]
[BlackElo "1646"]
[Opening "QGD Slav: Dutch variation"]
[ECO "D18"]
[Time "16:00:09"]
[TimeControl "2700+45"]

1. d4 d5 2. Nf3 Nf6 3. c4 c6 4. Nc3 dxc4 5. a4 Bf5 6. e3 e6 7. Bxc4 Bb4 8. O-O
Nbd7 9. Nh4 Bg6 10. Qb3 a5 11. Na2 c5 12. Nxb4 axb4 13. Nxg6 hxg6 14. dxc5 Qc7
15. f4 Qxc5 16. Bd2 Rxh2 17. Be2 Rh5 18. Bxb4 Qf5 19. Bxh5 gxh5 20. Rac1 h4 21.
Rf3 Ne4 22. Qd1 Rd8 23. Qe1 Ng3 24. Rxg3 hxg3 25. Qxg3 Qe4 26. Bc3 Nf6 27. Bd4
Nh5 28. Qf2 Nxf4 29. Bxg7 Nd3 30. Qf1 Qxe3+ 31. Kh2 Qxc1 32. Qf3 Qc6 33. Qh3 Rd5
34. Qh8+ Kd7 35. Bf6 Qd6+ 36. Kg1 Kc6 37. Qc8+ Qc7 38. Qe8+ Rd7 39. Qg8 Nc5 40.
Qg4 Qa5 41. b4 Qxa4 42. Qf3+ Kb5 43. bxc5 Qd1+ 44. Qf1+ Qxf1+ 45. Kxf1 Kxc5 46.
Ke2 b5 {White resigns} 0-1

[Event "Team 45 45 League T52"]
[Site "Internet Chess Club"]
[Date "2012.02.20"]
[Round "1"]
[White "rom1"]
[Black "dschesq"]
[Result "0-1"]
[WhiteElo "1613"]
[BlackElo "1635"]
[Opening "Nimzo-Indian: Spielmann variation"]
[ECO "E22"]
[Time "10:14:07"]
[TimeControl "2700+45"]

1. d4 Nf6 2. c4 e6 3. Nc3 Bb4 4. Qb3 c5 5. Nf3 O-O 6. a3 Ba5 7. e3 Ne4 8. Bd3 f5
9. O-O Nxc3 10. bxc3 Bc7 11. a4 Nc6 12. Ba3 d6 13. Qc2 b6 14. d5 Ne5 15. Be2 Qe8
16. Bb2 Ba6 17. Nxe5 dxe5 18. Rfd1 Rd8 19. e4 fxe4 20. Qxe4 Rf4 21. Qc2 Bxc4 22.
Bc1 Bxe2 23. Qxe2 Rxa4 24. Bg5 Rxd5 25. c4 Rd4 26. Rac1 Qg6 27. Be3 Rd8 28.
Rxd8+ Bxd8 29. Rd1 Bg5 30. g3 Rb4 31. h4 Bf6 32. Rd7 Rb1+ 33. Kg2 Qe4+ 34. f3
Qa8 35. Bg5 e4 36. Qe3 Bd4 37. Qf4 exf3+ 38. Kh3 Rh1+ 39. Kg4 h5+ 40. Kxh5 Qe8+
41. Kg4 Qxd7 42. Qxf3 e5+ 43. Qf5 Qxf5+ 44. Kxf5 Kf7 45. Bd8 Rf1+ 46. Ke4 Ke6
47. Bc7 Re1+ 48. Kf3 Re3+ 49. Kg4 Rc3 {White resigns} 0-1

[Event "Team 45 45 League T52"]
[Site "Internet Chess Club"]
[Date "2012.02.21"]
[Round "1"]
[White "rookmaster23"]
[Black "oldsj"]
[Result "0-1"]
[WhiteElo "1516"]
[BlackElo "1515"]
[Opening "King's Indian: orthodox, Aronin-Taimanov, bayonet attack"]
[ECO "E97"]
[Time "19:00:10"]
[TimeControl "2700+45"]

1. d4 Nf6 2. c4 g6 3. Nc3 Bg7 4. e4 d6 5. Nf3 O-O 6. Be2 e5 7. O-O Nc6 8. d5 Ne7
9. b4 Nh5 10. Re1 f5 11. Ng5 f4 12. Bxh5 gxh5 13. Qxh5 h6 14. Ne6 Bxe6 15. dxe6
Rf6 16. Qg4 Rg6 17. Qh3 c6 18. Rd1 Qc7 19. Ba3 Rf8 20. Rd3 Rff6 21. Rad1 Rxe6
22. b5 Nc8 23. c5 Bf8 24. cxd6 Bxd6 25. Bxd6 Nxd6 26. bxc6 bxc6 27. Rc1 Qf7 28.
Qf3 Qg7 29. Na4 Rg5 30. Rxc6 Rxg2+ 31. Kf1 Rgg6 32. Rb3 Re8 33. Rb4 Rg1+ 34. Ke2
Qd7 35. Qb3+ Kh7 36. Qd5 Qg4+ 37. Kd2 Rd1+ 38. Kc3 Rxd5 39. exd5 Qf3+ 40. Kb2
Qxd5 41. Rc7+ Kg8 42. Rxa7 Qd2+ 43. Ka3 Qxf2 44. Rd7 Nf5 45. Rbb7 Qxh2 46. Nc5
Qg3+ 47. Kb4 Qg5 48. Ne4 Qg6 49. Nc5 Qg5 50. Ne4 Qh4 51. Rf7 Qe1+ 52. Kb5 Qxe4
{White resigns} 0-1

[Event "Team 45 45 League T52"]
[Site "Internet Chess Club"]
[Date "2012.02.18"]
[Round "1"]
[White "Terlizzi"]
[Black "DouDou"]
[Result "1-0"]
[WhiteElo "1705"]
[BlackElo "1480"]
[Opening "Scotch game"]
[ECO "C45"]
[Time "17:58:39"]
[TimeControl "2700+45"]

1. e4 e5 2. Nf3 Nc6 3. d4 exd4 4. Nxd4 Bc5 5. Nxc6 Qf6 6. Qf3 Qxc6 7. Nc3 Nf6 8.
e5 Qe6 9. Be2 Qxe5 10. O-O O-O 11. Bf4 Qf5 12. Bd3 Qe6 13. Rfe1 Qb6 14. Na4 Qa5
15. Nxc5 Qxc5 16. Be5 Nd5 17. Qg3 g6 18. Qh4 h5 19. c4 f6 20. Bd4 Qd6 21. cxd5
Qxd5 22. Bxg6 Rf7 23. Bxf7+ Qxf7 24. Bxf6 d5 25. Qg5+ Kf8 26. Qh6+ Kg8 27. Qh8#
{Black checkmated} 1-0

[Event "Team 45 45 League T52"]
[Site "Internet Chess Club"]
[Date "2012.02.19"]
[Round "1"]
[White "chess-fan"]
[Black "AVEMARIA"]
[Result "0-1"]
[WhiteElo "1601"]
[BlackElo "1651"]
[Opening "French: Tarrasch, closed variation"]
[ECO "C05"]
[Time "17:01:36"]
[TimeControl "2700+45"]

1. e4 e6 2. d4 d5 3. Nd2 Nf6 4. e5 Nfd7 5. Ngf3 c5 6. Be2 Nc6 7. dxc5 Bxc5 8.
Nb3 Be7 9. Bf4 Qc7 10. Bg3 a6 11. O-O O-O 12. c3 Ndxe5 13. Nxe5 Nxe5 14. Nd4 Bd6
15. Nf3 Nxf3+ 16. Bxf3 Bxg3 17. hxg3 Bd7 18. Qc2 Rac8 19. Kh2 f5 20. Rh1 Be8 21.
Rae1 Qb6 22. Kg1 Bg6 23. Qe2 Rce8 24. b3 Qc7 25. Qd2 b6 26. Re3 f4 27. gxf4 Qxf4
28. Qe2 b5 29. Qe1 Qd6 30. Kf1 Kh8 31. Bh5 Rf6 32. Reh3 Bxh5 33. Rxh5 h6 34. Qe5
Qxe5 35. Rxe5 Rf5 36. Re3 Ref8 37. f3 e5 38. Ke2 e4 39. Rc1 exf3+ 40. Rxf3 g5
41. Rcf1 Rxf3 42. Rxf3 Rxf3 43. Kxf3 Kg7 44. Ke3 Kf7 45. Kd4 Ke6 46. Kc5 h5 47.
Kb6 h4 48. Kxa6 g4 49. Kxb5 h3 50. gxh3 gxh3 51. a4 h2 52. a5 h1=Q 53. a6 Qh7
54. Kb6 Kd6 55. a7 Qc7+ 56. Ka6 Qc6+ 57. Ka5 Qxc3+ 58. Ka6 Qxb3 59. a8=Q Qa4+
60. Kb7 Qxa8+ 61. Kxa8 d4 62. Kb8 d3 63. Kc8 d2 64. Kd8 d1=Q 65. Ke8 Qe2+ 66.
Kf7 Qe6+ 67. Kg7 Qf5 68. Kh8 Ke7 69. Kg8 Qg5+ 70. Kh8 Kf7 71. Kh7 Qg7# {White
checkmated} 0-1

[Event "Team 45 45 League T52"]
[Site "Internet Chess Club"]
[Date "2012.02.18"]
[Round "1"]
[White "Warpdrive"]
[Black "hi12980"]
[Result "1-0"]
[WhiteElo "1655"]
[BlackElo "1635"]
[Opening "Ruy Lopez: 5.O-O"]
[ECO "C78"]
[Time "21:00:38"]
[TimeControl "2700+45"]

1. e4 e5 2. Nf3 Nc6 3. Bb5 a6 4. Ba4 Nf6 5. O-O b5 6. Bb3 Bc5 7. Re1 d6 8. h3
O-O 9. c3 Bb7 10. d3 h6 11. Nbd2 Re8 12. Nf1 d5 13. exd5 Nxd5 14. Ne3 Nf4 15.
Bc2 Qd7 16. Ng4 f6 17. Bxf4 exf4 18. d4 Bd6 19. Qd3 f5 20. Nh4 g6 21. Nf6+ Kf7
22. Nxd7 {Black resigns} 1-0

[Event "Team 45 45 League T52"]
[Site "Internet Chess Club"]
[Date "2012.02.20"]
[Round "1"]
[White "almond123"]
[Black "whiskeytown"]
[Result "0-1"]
[WhiteElo "1294"]
[BlackElo "1452"]
[Opening "Pirc: classical (two knights) system"]
[ECO "B08"]
[Time "15:00:14"]
[TimeControl "2700+45"]

1. e4 d6 2. d4 Nf6 3. Nc3 g6 4. Nf3 Bg7 5. Bd3 O-O 6. O-O c6 7. Qe2 b5 8. a3
Nbd7 9. b4 Nb6 10. e5 dxe5 11. dxe5 Nfd5 12. Nxd5 Qxd5 13. Be4 Qe6 14. Bb2 Bb7
15. Nd4 Qc4 16. Qxc4 Nxc4 17. Nxb5 cxb5 18. Bxb7 Rab8 19. Bd5 Nxb2 20. f4 Rfd8
21. Be4 Nc4 22. Rfd1 f6 23. Bd5+ Kf8 24. Bxc4 bxc4 25. Rdc1 fxe5 26. fxe5 Bxe5
27. Re1 Bxa1 {White resigns} 0-1

[Event "Team 45 45 League T52"]
[Site "Internet Chess Club"]
[Date "2012.02.16"]
[Round "1"]
[White "noblitz-oblige"]
[Black "ben304"]
[Result "0-1"]
[WhiteElo "1584"]
[BlackElo "1703"]
[Opening "French: exchange variation"]
[ECO "C01"]
[Time "10:04:52"]
[TimeControl "2700+45"]

1. e4 e6 2. d4 d5 3. exd5 exd5 4. Nf3 Nf6 5. Nc3 Bb4 6. h3 Bf5 7. Bd3 Bxd3 8.
Qxd3 c6 9. O-O O-O 10. a3 Ba5 11. Bg5 Qd6 12. Rfe1 Nbd7 13. Ne5 Bxc3 14. bxc3
Ne4 15. Bh4 Nxe5 16. dxe5 Qc5 17. Re3 Qa5 18. Be7 Rfe8 19. Bb4 Qc7 20. f3 Ng5
21. h4 Ne6 22. Bd6 Qb6 23. Kh1 Nf4 24. Qd4 Ng6 25. h5 Qxd4 26. cxd4 Nf4 27. g4
Rad8 28. Rae1 Ne6 29. c3 h6 30. Kh2 b5 31. Kg3 Ng5 32. Bb4 Ra8 33. Ra1 f6 34. f4
Ne4+ 35. Kh4 fxe5 36. fxe5 a5 37. Bc5 Nxc5 38. dxc5 Re6 39. g5 hxg5+ 40. Kxg5
Rae8 41. Kf5 Rh6 42. Rh1 g6+ 43. Kg5 Kg7 44. Rh4 Rxh5+ 45. Rxh5 gxh5 46. Kxh5
Kf7 47. Kg5 Ke6 48. Kf4 Rf8+ {White resigns} 0-1

[Event "Team 45 45 League T52"]
[Site "Internet Chess Club"]
[Date "2012.02.17"]
[Round "1"]
[White "portis2"]
[Black "RD1974"]
[Result "0-1"]
[WhiteElo "1527"]
[BlackElo "1625"]
[Opening "English, Tröger defense"]
[ECO "A25"]
[Time "18:00:34"]
[TimeControl "2700+45"]

1. c4 e5 2. Nc3 Nc6 3. g3 d6 4. Bg2 Be6 5. d3 g6 6. Nf3 Bg7 7. O-O h6 8. a3 Qd7
9. e3 Nf6 10. Qc2 O-O 11. b4 e4 12. Nd2 exd3 13. Qxd3 Ne5 14. Qe2 Bg4 15. Nf3
Qf5 16. Nh4 Bxe2 17. Nxf5 Bxf1 18. Ne7+ Kh7 19. Kxf1 c6 20. b5 Rfe8 21. bxc6
Rxe7 22. cxb7 Rb8 23. Rb1 Nxc4 24. Ne2 Nd7 25. Nd4 Bxd4 26. exd4 Ndb6 {White
resigns} 0-1

[Event "Team 45 45 League T52"]
[Site "Internet Chess Club"]
[Date "2012.02.20"]
[Round "1"]
[White "chrisgianno"]
[Black "KyleMayhugh"]
[Result "1-0"]
[WhiteElo "1556"]
[BlackElo "1435"]
[Opening "QGD: exchange, positional line"]
[ECO "D35"]
[Time "13:43:00"]
[TimeControl "2700+45"]

1. d4 d5 2. c4 e6 3. cxd5 exd5 4. Nc3 Nf6 5. Bg5 Be7 6. f3 O-O 7. e3 h6 8. Bh4
c6 9. Bd3 Nh5 10. Bf2 Nd7 11. Nge2 Nb6 12. O-O Bh4 13. g3 Be7 14. Qc2 Bh3 15.
Rfe1 Re8 16. g4 Nf6 17. Nf4 Bxg4 18. fxg4 Nxg4 19. Bg3 Bd6 20. e4 dxe4 21. Nxe4
Bxf4 22. Bxf4 Qxd4+ 23. Kg2 Nd5 24. Kg3 Nxf4 25. Kxf4 h5 26. h3 Qe5+ 27. Kf3
Qf5+ 28. Kg2 Ne5 29. Re3 Nxd3 30. Qxd3 Rad8 31. Qe2 Re6 32. Re1 Rde8 33. Qf3
Qg6+ 34. Kf2 Re5 35. Ng3 Rxe3 36. Rxe3 Qc2+ 37. Qe2 Qc5 38. Kf3 Qd5+ 39. Kf2 Qd4
40. Nxh5 f5 41. Kf3 Rxe3+ 42. Qxe3 Qd1+ 43. Qe2 Qd5+ 44. Kf4 Qxa2 45. Kxf5 Qf7+
46. Kg5 Qd5+ 47. Kg4 Qd7+ 48. Kg3 Qf5 49. Qg4 Qe5+ 50. Kh4 Qxb2 51. Qe6+ Kf8 52.
Qc8+ Ke7 53. Qc7+ Kf8 54. Qb8+ Kf7 55. Qf4+ Ke6 56. Qe4+ Kd6 57. Qg6+ Kc5 58.
Nxg7 Qf2+ 59. Kh5 Qf3+ 60. Qg4 Qf7+ 61. Kh6 a5 62. h4 Qf6+ 63. Kh7 b5 64. h5 a4
65. h6 a3 66. Ne6+ Kd6 67. Nd4 Qe7+ 68. Kg6 Qe8+ 69. Kg5 Kd5 70. Nc2 Qg8+ 71.
Kh4 Qh7 72. Qg5+ Ke4 73. Qe3+ Kd5 74. Qd2+ Ke6 75. Qe3+ Kf6 76. Nxa3 Kg6 77.
Qg5+ Kf7 78. Qf4+ Kg8 79. Qb8+ Kf7 80. Qc7+ Kg6 81. Qxc6+ Kf5 82. Qc2+ {Black
resigns} 1-0

[Event "Team 45 45 League T52"]
[Site "Internet Chess Club"]
[Date "2012.02.19"]
[Round "1"]
[White "Saducat996"]
[Black "BotanicalKnight"]
[Result "1-0"]
[WhiteElo "1404"]
[BlackElo "1518"]
[Opening "Caro-Kann: Panov-Botvinnik attack"]
[ECO "B13"]
[Time "07:17:25"]
[TimeControl "2700+45"]

1. e4 c6 2. d4 d5 3. exd5 cxd5 4. c4 Nf6 5. Nc3 Nc6 6. cxd5 Nxd5 7. Nf3 Bg4 8.
Bc4 e6 9. O-O Be7 10. Be3 O-O 11. Rc1 Rc8 12. a3 a6 13. Ba2 Nxe3 14. fxe3 b5 15.
Ne4 Qb6 16. Nc5 Rfd8 17. h3 Bh5 18. Nxe6 fxe6 19. Bxe6+ Kh8 20. g4 Bxg4 21. hxg4
Rb8 22. Qc2 Rd6 23. Bf5 g6 24. Be4 Na5 25. Ne5 Kg8 26. Nf7 Rf6 27. Bd5 Kg7 28.
g5 Rxf1+ 29. Rxf1 Nc4 30. Qe4 Bd6 31. Qh4 Nxe3 32. Qh6+ Kg8 33. Nxd6+ Kh8 34.
Rf8+ {Black forfeits on time} 1-0

[Event "Team 45 45 League T52"]
[Site "Internet Chess Club"]
[Date "2012.02.21"]
[Round "1"]
[White "jkovar"]
[Black "ScotchYeti"]
[Result "1-0"]
[WhiteElo "1900"]
[BlackElo "1718"]
[Opening "Sicilian: Kan, 5.Bd3"]
[ECO "B42"]
[Time "16:06:03"]
[TimeControl "2700+45"]

1. e4 c5 2. Nf3 e6 3. d4 cxd4 4. Nxd4 a6 5. Bd3 Qc7 6. O-O Nf6 7. c4 d6 8. Nc3
Nbd7 9. Be3 Be7 10. Rc1 b6 11. h3 Bb7 12. Qd2 O-O 13. f4 Nc5 14. Qc2 Nxd3 15.
Qxd3 Rac8 16. b3 Rfe8 17. f5 exf5 18. Nxf5 Bf8 19. Nh6+ Kh8 20. Rxf6 gxf6 21.
Nf5 Re5 22. Bd4 Re6 23. Rf1 Rce8 24. Nd5 Qd8 25. Qg3 Bxd5 26. exd5 Re5 27. Bxe5
fxe5 28. Re1 Qf6 29. Nd4 Bh6 30. Rf1 Qg5 31. Qxg5 Bxg5 32. Nf5 Rd8 33. h4 Bd2
34. Rf3 Rd7 35. g4 h6 36. Ng3 Kh7 37. Ne4 Rd8 38. Nxd2 Rg8 39. Rxf7+ Rg7 40.
Rxg7+ Kxg7 41. Ne4 {Black resigns} 1-0

[Event "Team 45 45 League T52"]
[Site "Internet Chess Club"]
[Date "2012.02.17"]
[Round "1"]
[White "cBishop"]
[Black "JMB2009"]
[Result "0-1"]
[WhiteElo "1624"]
[BlackElo "1810"]
[Opening "Ruy Lopez: closed, Chigorin defense"]
[ECO "C97"]
[Time "10:02:38"]
[TimeControl "2700+45"]

1. e4 e5 2. Nf3 Nc6 3. Bb5 a6 4. Ba4 Nf6 5. O-O Be7 6. Re1 b5 7. Bb3 d6 8. c3
O-O 9. h3 Na5 10. Bc2 c5 11. d4 Qc7 12. d5 Bd7 13. Nbd2 Ne8 14. g4 g6 15. Nf1
Kh8 16. Ng3 Rg8 17. Kh2 Ng7 18. Bh6 Nc4 19. Qc1 Raf8 20. b3 Nb6 21. Nf5 gxf5 22.
gxf5 f6 23. Nh4 Rf7 24. Qd1 Qd8 25. Rg1 Bf8 26. Qg4 Nc8 27. Rg3 Ne7 28. Rag1 Qe8
29. Qe2 Qd8 30. Bd1 Qe8 31. Qf3 Ngxf5 32. Rxg8+ Nxg8 33. Nxf5 Nxh6 34. Nxh6 Bxh6
35. Qh5 Bf4+ 36. Kh1 Rg7 37. Qh4 Rxg1+ 38. Kxg1 Qg6+ 39. Kf1 Qg5 40. Qxg5 Bxg5
41. Kg2 Kg7 42. Kg3 Kg6 43. Be2 f5 44. exf5+ Bxf5 45. a4 bxa4 46. bxa4 a5 {White
resigns} 0-1

[Event "Team 45 45 League T52"]
[Site "Internet Chess Club"]
[Date "2012.02.17"]
[Round "1"]
[White "Hal2001"]
[Black "elessar"]
[Result "1/2-1/2"]
[WhiteElo "1679"]
[BlackElo "1599"]
[Opening "Petrov: Nimzovich attack"]
[ECO "C42"]
[Time "19:00:40"]
[TimeControl "2700+45"]

1. e4 e5 2. Nf3 Nf6 3. Nxe5 d6 4. Nf3 Nxe4 5. Nc3 Nxc3 6. dxc3 Be7 7. Be3 Nc6 8.
Qd2 Ne5 9. Be2 O-O 10. O-O-O c5 11. h4 Qc7 12. h5 Ng4 13. h6 g6 14. Bc4 Be6 15.
Bd5 Bxd5 16. Qxd5 Nxe3 17. fxe3 Rad8 18. Rhf1 Qc6 19. e4 Qxd5 20. Rxd5 f6 21.
Nh2 Rf7 {Game drawn by mutual agreement} 1/2-1/2

[Event "Team 45 45 League T52"]
[Site "Internet Chess Club"]
[Date "2012.02.16"]
[Round "1"]
[White "Gilguli"]
[Black "JPB2010"]
[Result "1-0"]
[WhiteElo "1380"]
[BlackElo "1243"]
[Opening "Philidor: Improved Hanham variation"]
[ECO "B07"]
[Time "16:01:32"]
[TimeControl "2700+45"]

1. e4 d6 2. d4 Nf6 3. Nc3 Nbd7 4. Nf3 e5 5. Bc4 Be7 6. Bxf7+ Kxf7 7. Ng5+ Ke8 8.
Ne6 Nb6 9. Nxd8 Kxd8 10. dxe5 Nfd7 11. exd6 cxd6 12. Bf4 Nc4 13. Qd4 Nce5 14.
Nd5 Bf6 15. Nxf6 gxf6 16. Qxd6 Ke8 17. Bxe5 fxe5 18. O-O-O a5 19. Rd5 Ra6 20.
Rxe5+ Kd8 21. Qd4 Rf8 22. Rd1 Raf6 23. f4 Rxf4 24. Qb6# {Black checkmated} 1-0

[Event "Team 45 45 League T52"]
[Site "Internet Chess Club"]
[Date "2012.02.19"]
[Round "1"]
[White "crazyhorses"]
[Black "rayonline53"]
[Result "1-0"]
[WhiteElo "1540"]
[BlackElo "1555"]
[Opening "Nimzovich-Larsen attack"]
[ECO "A01"]
[Time "15:00:21"]
[TimeControl "2700+45"]

1. b3 d6 2. Bb2 e5 3. g3 Nf6 4. Bg2 Be7 5. c4 Nbd7 6. d4 O-O 7. Nf3 exd4 8. Bxd4
c6 9. O-O d5 10. Nbd2 Bc5 11. Qc2 Bxd4 12. Nxd4 Nb6 13. c5 Nbd7 14. b4 Ne5 15.
Rad1 Bd7 16. h3 Qc8 17. Kh2 Qc7 18. e4 Nxe4 19. Nxe4 dxe4 20. Qxe4 f5 21. Qf4
Rae8 22. Rfe1 Qb8 23. Nf3 Nxf3+ 24. Qxf3 Rxe1 25. Rxe1 Re8 26. Qc3 Rxe1 27. Qxe1
Qe8 28. Qxe8+ Bxe8 29. f4 Bf7 30. a4 Bb3 31. a5 Bc4 32. Bf3 Kf7 33. Kg2 Ke6 34.
Kf2 a6 35. Ke3 g6 36. g4 Bf1 37. h4 Bh3 38. g5 Bf1 39. Be2 Bxe2 40. Kxe2 Kd5 41.
Kd3 Ke6 42. Kd4 Kd7 43. Ke5 Ke7 44. h5 gxh5 45. Kxf5 Kf7 46. Ke4 h4 47. Kf3 Kg6
48. Kg4 h3 49. Kxh3 Kf5 50. Kg3 Kg6 51. Kg4 h5+ 52. gxh6 Kxh6 53. Kf5 {Black
resigns} 1-0

[Event "Team 45 45 League T52"]
[Site "Internet Chess Club"]
[Date "2012.02.18"]
[Round "1"]
[White "nursey"]
[Black "Whalen"]
[Result "0-1"]
[WhiteElo "1623"]
[BlackElo "1696"]
[Opening "QGD"]
[ECO "A40"]
[Time "14:00:30"]
[TimeControl "2700+45"]

1. d4 e6 2. Nf3 d5 3. c4 Nf6 4. Bg5 c6 5. e3 Nbd7 6. Bd3 dxc4 7. Bxc4 Qa5+ 8.
Nc3 Ne4 9. Qa4 Qxa4 10. Nxa4 b5 11. Bxe6 bxa4 12. Bxd7+ Bxd7 13. O-O Bd6 14.
Rac1 h6 15. Bh4 g5 16. Bg3 Nxg3 17. hxg3 Rb8 18. Rc2 O-O 19. Rfc1 Rfc8 20. e4 f6
21. Kf1 Kf7 22. Ke2 Bc7 23. d5 Re8 24. Kd3 c5 25. Rxc5 Bb6 26. R5c4 Bb5 27. Nd4
Bxd4 28. Kxd4 Bxc4 29. Rxc4 Rxb2 30. Rxa4 Kg6 31. Rxa7 Rb4+ 32. Kd3 Rexe4 33.
Rd7 Ra4 34. d6 Red4+ 35. Ke3 Rd5 36. Rd8 Rxa2 37. d7 Rad2 38. Rg8+ Kf7 39. Rd8
Rxd7 {White resigns} 0-1

[Event "Team 45 45 League T52"]
[Site "Internet Chess Club"]
[Date "2012.02.19"]
[Round "1"]
[White "ElmerHo"]
[Black "Giacometti"]
[Result "0-1"]
[WhiteElo "1513"]
[BlackElo "1688"]
[Opening "Caro-Kann: advance variation"]
[ECO "B12"]
[Time "20:00:21"]
[TimeControl "2700+45"]

1. e4 c6 2. d4 d5 3. e5 c5 4. Nf3 Bg4 5. c4 e6 6. Be3 cxd4 7. Bxd4 Nc6 8. Be2
dxc4 9. Bc3 Qxd1+ 10. Bxd1 Nge7 11. Nbd2 b5 12. a3 Ng6 13. O-O Be7 14. Rc1 O-O
15. Re1 Rad8 16. Bc2 Nf4 17. h3 Bxf3 18. Nxf3 Nd3 19. Bxd3 Rxd3 20. Rcd1 Rfd8
21. Rxd3 Rxd3 22. Kf1 a5 23. Ke2 b4 24. axb4 axb4 25. Bd2 Nd4+ 26. Nxd4 Rxd4 27.
f4 Re4+ 28. Kf1 Rxe1+ 29. Kxe1 Kf8 30. Ke2 Ke8 31. g4 Kd7 32. Ke3 Bc5+ 33. Ke4
Kc6 34. f5 Kb5 35. h4 Ka4 36. g5 Kb3 {White resigns} 0-1

[Event "Team 45 45 League T52"]
[Site "Internet Chess Club"]
[Date "2012.02.19"]
[Round "1"]
[White "Kristian1974"]
[Black "kingphisch"]
[Result "1-0"]
[WhiteElo "1649"]
[BlackElo "1493"]
[Opening "Caro-Kann: exchange, Rubinstein variation"]
[ECO "B13"]
[Time "14:00:33"]
[TimeControl "2700+45"]

1. e4 c6 2. d4 d5 3. exd5 cxd5 4. Bd3 Nc6 5. c3 Nf6 6. Bf4 e6 7. Nd2 Bd6 8. Bxd6
Qxd6 9. Ngf3 a6 10. O-O O-O 11. Re1 b5 12. Ne5 Qc7 13. Nb3 Nxe5 14. Rxe5 Nd7 15.
Re3 e5 16. Bxh7+ Kxh7 17. Qh5+ Kg8 18. Rh3 f6 19. Re1 Nb6 20. Rh4 e4 21. Re3 Bd7
22. Rg3 Qd8 23. Rxg7+ {Black resigns} 1-0

[Event "Team 45 45 League T52"]
[Site "Internet Chess Club"]
[Date "2012.02.18"]
[Round "1"]
[White "frontier"]
[Black "Kueh"]
[Result "1-0"]
[WhiteElo "2037"]
[BlackElo "1964"]
[Opening "King's Indian: Kazakh variation"]
[ECO "E91"]
[Time "12:40:50"]
[TimeControl "2700+45"]

1. d4 Nf6 2. c4 g6 3. Nc3 Bg7 4. e4 d6 5. Nf3 O-O 6. Be2 Na6 7. O-O e5 8. d5 Nc5
9. Nd2 a5 10. a3 a4 11. f3 Nh5 12. b4 axb3 13. Nxb3 f5 14. Nxc5 dxc5 15. Be3 b6
16. Re1 Nf4 17. Bf1 Qg5 18. Kh1 Qh5 19. Ra2 Bh6 20. g3 Nh3 21. Bxh6 Qxh6 22. d6
Be6 23. dxc7 f4 24. Qd6 Ng5 25. g4 Rfe8 26. Nd5 Qh4 27. Rd1 Nxf3 28. Nxb6 Rxa3
29. Qxe6+ Rxe6 30. c8=Q+ Kg7 31. Rg2 Re7 32. Qxc5 Rea7 33. Be2 Ng5 34. Qxe5+ Kh6
35. Qxf4 Rf7 36. Qc1 Ra2 37. Rd2 Ra8 38. Nxa8 {Black resigns} 1-0

[Event "Team 45 45 League T52"]
[Site "Internet Chess Club"]
[Date "2012.02.18"]
[Round "1"]
[White "primerpaso"]
[Black "spunni"]
[Result "1-0"]
[WhiteElo "1911"]
[BlackElo "1918"]
[Opening "English: Sicilian reversed"]
[ECO "A25"]
[Time "11:02:57"]
[TimeControl "2700+45"]

1. c4 e5 2. Nc3 Nc6 3. g3 Nf6 4. Bg2 Bb4 5. Nd5 Bc5 6. e3 O-O 7. Ne2 d6 8. O-O
Bb6 9. d3 Nxd5 10. cxd5 Ne7 11. Bd2 Bg4 12. h3 Bf5 13. Bc3 Bg6 14. d4 f6 15. Kh2
Bf7 16. e4 Qd7 17. Qd2 exd4 18. Bxd4 f5 19. f3 Rae8 20. Rac1 fxe4 21. fxe4 Bxd4
22. Nxd4 c5 23. dxc6 Nxc6 24. Nf5 Bxa2 25. Qxd6 Qe6 26. Qxe6+ Bxe6 27. Nd6 Rxf1
28. Bxf1 Re7 29. Bc4 Bxc4 30. Rxc4 Rd7 31. Nxb7 Rxb7 32. Rxc6 Rxb2+ 33. Kg1 a5
34. Ra6 Ra2 35. Ra7 a4 36. e5 a3 37. e6 g6 38. Ra8+ Kg7 39. e7 Re2 40. e8=Q
{Black resigns} 1-0

[Event "Team 45 45 League T52"]
[Site "Internet Chess Club"]
[Date "2012.02.18"]
[Round "1"]
[White "barbak"]
[Black "RdgMx"]
[Result "1-0"]
[WhiteElo "1898"]
[BlackElo "1844"]
[Opening "Scandinavian (center counter) defense"]
[ECO "B01"]
[Time "15:00:34"]
[TimeControl "2700+45"]

1. e4 d5 2. exd5 Qxd5 3. Nc3 Qa5 4. d4 c6 5. Bc4 Nf6 6. Bd2 Qb6 7. Nf3 e6 8. Bb3
Bd6 9. O-O O-O 10. Qe2 Qc7 11. Ne5 Nd5 12. Rae1 Bxe5 13. dxe5 Nd7 14. f4 Nc5 15.
Nxd5 cxd5 16. Bb4 b6 17. Bxc5 bxc5 18. c3 a5 19. Rf3 Ba6 20. Qf2 c4 21. Bc2 Qa7
22. Rfe3 Rab8 23. Bxh7+ Kh8 24. Qh4 Rfd8 25. Kh1 Bb5 26. Rh3 g6 27. Qf6# {Black
checkmated} 1-0